[Event "Late-Titled-Tuesday-Blitz-October-03-2023"]
[Site "Chess.com"]
[Date "2023.10.03"]
[Round "3"]
[White "vladislavkovalev"]
[Black "Zq1"]
[Result "1-0"]
[WhiteElo "2880"]
[BlackElo "2523"]
[TimeControl "180+1"]
[EndTime "14:27:06 PDT"]
[Termination "vladislavkovalev won by resignation"]

1. e4 c5 2. Nf3 d6 3. Bb5+ Bd7 4. Bxd7+ Qxd7 5. c4 Nc6 6. Nc3 Nf6 7. d4 cxd4 8. Nxd4 e6 9. Be3 Be7 10. O-O O-O 11. Rc1 Rac8 12. b3 b6 13. Qe2 Qb7 14. Rfd1 Rfd8 15. Nxc6 Qxc6 16. f3 Qb7 17. Bd4 h6 18.
Rd2 a6 19. a4 Nd7 20. Nd1 Nc5 21. Rc3 Rb8 22. Ne3 b5 23. cxb5 axb5 24. a5 b4 25. Rc4 Nxb3 26. Rb2 Nxa5 27. Rcxb4 Qxb4 28. Rxb4 Rxb4 29. Bc3 Rb1+ 30. Kf2 Nc6 31. Qc2 Rb6 32. Nc4 Ra6 33. Kg3 Rda8 34. Qb2 Bf8 35. Qb7 Nd8 36. Qd7 Rc6 37. Ba5 Rxc4 38. Bxd8 Rcc8 39. Bc7 d5 40. exd5 exd5 41. Bb6 Rcb8 42. Qxd5 Ra6 43. Be3 Rg6+ 44. Kh3 Rb2 45. Qd8 Rgxg2 46. Bc5 Rxh2+ 47. Kg3 g5 48. Qxf8+ 1-0

[Event "Late-Titled-Tuesday-Blitz-October-03-2023"]
[Site "Chess.com"]
[Date "2023.10.03"]
[Round "3"]
[White "jup1978"]
[Black "JohnWhite1952"]
[Result "1-0"]
[WhiteElo "2512"]
[BlackElo "2060"]
[TimeControl "180+1"]
[EndTime "14:27:06 PDT"]
[Termination "jup1978 won on time"]

1. e4 c5 2. Nf3 e6 3. c3 Nf6 4.
e5 Nd5 5. g3 Nc6 6. Bg2 d6 7.
exd6 Bxd6 8. O-O O-O 9. d4 cxd4 10. Nxd4 Bd7 11. Nb5 Be7 12. c4 Nf6 13. N1c3 a6 14. Nd4 Nxd4 15. Qxd4 Qc7 16. Bf4 Qc8 17. Rfd1 Bc6 18.
b3 Bxg2 19. Kxg2 Qc6+ 20. Kg1 Rfd8 21. Qe3 Bc5 22. Qe2 Bd4 23. Rac1 Rac8 24. Be5 Bxe5 25. Qxe5 Qf3 26. Qe2 Rxd1+ 27. Qxd1 Qc6 28. Qd4 Qc7 29. a4 Rd8 30. Qe3 Ng4 31. Qe4 Ne5 32. Rd1 Rxd1+ 33. Nxd1 f5 34. Qe3 Ng4 35. Qxe6+ Qf7 36. Qxf7+ Kxf7 37. Ne3 Ne5 38. Nxf5 Nd3 39. Nd6+ Ke6 40. Nxb7 Nc1 41. b4 Nd3 42. b5 axb5 43. cxb5 1-0

[Event "Late-Titled-Tuesday-Blitz-October-03-2023"]
[Site "Chess.com"]
[Date "2023.10.03"]
[Round "3"]
[White "GAusal"]
[Black "azikom"]
[Result "1/2-1/2"]
[WhiteElo "2284"]
[BlackElo "2583"]
[TimeControl "180+1"]
[EndTime "14:27:08 PDT"]
[Termination "Game drawn by repetition"]

1. d4 c6 2. Nf3 d5 3. c4 Nf6 4. Nc3 e6 5. Bf4 dxc4 6. e3 b5 7. a4 Bb4 8. Be2 Bb7 9. O-O Bxc3 10. bxc3 O-O 11. Qb1 Qb6 12. Ne5 Nd5 13. Qb2 Nxf4 14.
exf4 f6 15. Ng4 Na6 16. Rfb1 Nc7 17. axb5 cxb5 18. Bf1 a6 19. Ne3 Be4 20. Nxc4 Qc6 21. Na5 Qd6 22. Rc1 Qxf4 23. c4 Rab8 24. Qe2 Rfd8 25.
Qe3 Qxe3 26. fxe3 Ne8 27. c5 Nc7 28. Be2 Bd5 29. Bf3 Bxf3 30. gxf3 Rd7 31. Kf2 e5 32. c6 Rd5 33. dxe5 fxe5 34. Nb7 Rd2+ 35. Kg3 Kf7 36. Nc5 Ra8 37. Nxa6 Rxa6 38. Rxa6 Nxa6 39. c7 Nxc7 40. Rxc7+ Kf6 41. Rb7 Rb2 42. e4 b4 43. h4 b3 44.
Rb6+ Ke7 45. Rb7+ Kf6 46. Rb6+ Kf7 47. Rb7+ Kf6 1/2-1/2

[Event "Late-Titled-Tuesday-Blitz-October-03-2023"]
[Site "Chess.com"]
[Date "2023.10.03"]
[Round "3"]
[White "zverr1"]
[Black "jinxy2009"]
[Result "1-0"]
[WhiteElo "2526"]
[BlackElo "2281"]
[TimeControl "180+1"]
[EndTime "14:27:09 PDT"]
[Termination "zverr1 won on time"]

1. e4 e5 2. Nf3 Nc6 3. Bc4 Nf6 4. Ng5 d5 5. exd5 Na5 6. Bb5+ c6 7. dxc6 bxc6 8.
Be2 h6 9. Nh3 Bd6 10. d3 O-O 11. Nc3 c5 12. Bf3 Rb8 13. Ng1 Bb7 14. Bxb7 Rxb7 15.
Nge2 Nc6 16. O-O Nd4 17. Nxd4 exd4 18. Ne4 Nxe4 19. dxe4 f5 20. exf5 Rxf5 21. Qg4 Qf6 22. b3 Rf7 23. f3 h5 24. Qe4 h4 25. Qg4 d3 26. Bd2 dxc2 27. Rac1 Be5 28. Rxc2 Bd4+ 29. Kh1 Kf8 30. Qe4 Re7 31. Qg4 Kg8 32. Rcc1 Re2 33. Be1 Rfe5 34. Bxh4 Qe7 35. Qc8+ Qe8 36. Qxe8+ Rxe8 37. Bg3 Rxa2 38. Rfe1 Rxe1+ 39. Rxe1 Rb2 40. Bf4 Rxb3 41.
h3 Rb2 42. Ra1 Rb7 43. Ra6 c4 44. Ra4 1-0

[Event "Late-Titled-Tuesday-Blitz-October-03-2023"]
[Site "Chess.com"]
[Date "2023.10.03"]
[Round "3"]
[White "YouShallNotPass001"]
[Black "DefiantChair"]
[Result "1-0"]
[WhiteElo "2401"]
[BlackElo "2567"]
[TimeControl "180+1"]
[EndTime "14:27:12 PDT"]
[Termination "YouShallNotPass001 won by resignation"]

1. Nf3 d5 2. e3 Nf6 3. Be2 c5 4. O-O Nc6 5. d4 cxd4 6. exd4 Bg4 7. c3 e6 8. Nbd2 Bd6 9. Re1 O-O 10. h3 Bh5 11. a4 a6 12. b4 Bg6 13. Nb3 e5 14. a5 e4 15. Nfd2 Re8 16. Nf1 h6 17. Ra2 Bc7 18. Nc5 Rb8 19. Be3 Nh7 20. Qd2 f5 21. Bf4 Bf7 22. Ng3 Ne7 23. b5 Bxf4 24. Qxf4 g5 25. Qc1 f4 26. Nf1 axb5 27. Bxb5 Rf8 28. Nd7 Rc8 29. Nxf8 Qxf8 30. a6 bxa6 31.
Rxa6 Nf5 32. Qa1 f3 33. Bd7 fxg2 34. Nh2 Ne7 35. Bxc8 Nxc8 36. Ra8 Be6 37. Qa6 Bxh3 38. Qg6+ Kh8 39. Rb1 e3 40. fxe3 Bf5 41. Qc6 Qe7 42. Rxc8+ Nf8 43. Rxf8+ Qxf8 44. Re1 Be4 45. Ra1 Kg7 46.
Ra7+ 1-0

[Event "Late-Titled-Tuesday-Blitz-October-03-2023"]
[Site "Chess.com"]
[Date "2023.10.03"]
[Round "3"]
[White "mishanick"]
[Black "Zurability"]
[Result "0-1"]
[WhiteElo "3013"]
[BlackElo "2718"]
[TimeControl "180+1"]
[EndTime "14:27:14 PDT"]
[Termination "Zurability won by checkmate"]

1. d4 d5 2. c4 e6 3. Nc3 Nf6 4.
Nf3 Be7 5. g3 O-O 6. Bg2 dxc4 7.
Ne5 Nc6 8. Bxc6 bxc6 9. Nxc6 Qe8 10. Nxe7+ Qxe7 11. Qa4 c5 12. dxc5 Qxc5 13. Be3 Qf5 14.
Qxc4 Bb7 15. O-O Ng4 16. Qc5 e5 17. f3 Nf6 18. Rad1 Rfc8 19. Qa5 Qh3 20. Qb4 Rab8 21. Qh4 Qe6 22. Bxa7 Rc4 23. Qg5 Ra8 24. Bf2 h6 25.
Qe3 Qh3 26. Nd5 Bxd5 27. Rxd5 Nxd5 28. Qxe5 Nf6 29. Qb5 Qe6 30. e4 Rxa2 31. Qb3 Rc8 32. Qb4 Rc2 33. Bd4 Qh3 34. Bf2 Raxb2 35. Qd4 Kh7 36. Qd3 g6 37. e5 Nh5 38. Qd5 Qf5 39.
g4 Qe6 40. Qe4 Ng7 41. Qf4 Re2 42. Be3 Rg2+ 43. Kh1 Rxh2+ 44. Qxh2 Rxh2+ 45. Kxh2 Qxe5+ 46. Kg2 Qxe3 47. Rf2 Qf4 48. Ra2 Ne6 49. Ra7 Qf6 50. Ra4 Nf4+ 51. Kg3 g5 52. Ra2 Qb6 53. Kh2 Qb1 54.
Kg3 Qg1+ 55. Rg2 Qxg2# 0-1

[Event "Late-Titled-Tuesday-Blitz-October-03-2023"]
[Site "Chess.com"]
[Date "2023.10.03"]
[Round "3"]
[White "WPWPWP-2015"]
[Black "German_Bazeev"]
[Result "1-0"]
[WhiteElo "2511"]
[BlackElo "2775"]
[TimeControl "180+1"]
[EndTime "14:27:14 PDT"]
[Termination "WPWPWP-2015 won by resignation"]

1. e4 g6 2. d4 Bg7 3. Nc3 d6 4. Be3 Nd7 5. Be2 Ngf6 6. h3 O-O 7. Nf3 c6 8. O-O e5 9. dxe5 dxe5 10. Qd2 Qe7 11.
a3 Nc5 12. Bd3 Nh5 13. Bc4 Nf4 14. Rad1 Be6 15. Bxe6 Ncxe6 16. Qd7 Rfe8 17. Qxe7 Rxe7 18. Rd2 h6 19. Rfd1 g5 20. Nh2 Nd4 21. Nf1 Rd8 22.
Ng3 Red7 23. Kf1 b5 24. Nce2 Nfe6 25. c3 c5 26. f3 a5 27. cxd4 exd4 28. Nf5 a4 29.
Nxg7 Kxg7 30. Bf2 Kg6 31. h4 f6 32. Ng3 c4 33. Nf5 d3 34. Be3 h5 35. Kf2 Rc8 36.
Rc1 Nd8 37. g4 hxg4 38. fxg4 gxh4 39. Nxh4+ Kf7 40. Nf5 Ke6 41. Nd4+ Rxd4 42. Bxd4 Nc6 43. Bc3 Rh8 44. Kg3 Ne5 45. Rf2 Rg8 46. Rf4 d2 47. Rcf1 Nd7 48. Bxd2 Rd8 49. Bc3 b4 50. axb4 1-0

[Event "Late-Titled-Tuesday-Blitz-October-03-2023"]
[Site "Chess.com"]
[Date "2023.10.03"]
[Round "3"]
[White "APOKALIPSA13"]
[Black "IamSchrodingersCat"]
[Result "0-1"]
[WhiteElo "2173"]
[BlackElo "2514"]
[TimeControl "180+1"]
[EndTime "14:27:18 PDT"]
[Termination "IamSchrodingersCat won by checkmate"]

1. e4 c5 2. Nf3 d6 3. d4 cxd4 4. Nxd4 Nf6 5. Nc3 g6 6. Bd3 Bg7 7. f3 Nc6 8. Nb3 O-O 9. Be3 Ne5 10. Be2 Bd7 11. Qd2 Rc8 12. h4 h5 13. Bh6 Bxh6 14. Qxh6 a5 15. Nd4 Rxc3 16. bxc3 Qc7 17. c4 Nxc4 18.
g4 Ne5 19. Rd1 Qc3+ 20. Kf1 Rc8 21. gxh5 Nxh5 22. Rg1 Nf6 23. h5 Bh3+ 24. Kf2 Neg4+ 25. Rxg4 Bxg4 26. Rd3 Qc5 27. hxg6 Bd7 28. gxf7+ Kxf7 29. Ke1 Rg8 30. Qh2 Qb4+ 31. Kf2 e5 32. Nf5 Qc5+ 33.
Ne3 Be6 34. Ke1 b5 35. Kd2 b4 36. c3 Rc8 37. Bd1 bxc3+ 38. Ke1 Rg8 39. Bc2 Qb4 40. Ke2 Qb2 41. Kf2 Qc1 42. Ke2 Qb2 43. Kf2 Ke7 44. Rd1 Rf8 45. Rb1 Qxa2 46. Ke2 Bd7 47. Nf5+ Bxf5 48.
Ke3 Be6 49. Rb7+ Bd7 50. Bb3 Qxh2 51. Bd5 Ng4+ 52. Kd3 Qd2+ 53. Kc4 Rc8+ 54. Kb3 Qb2# 0-1

[Event "Late-Titled-Tuesday-Blitz-October-03-2023"]
[Site "Chess.com"]
[Date "2023.10.03"]
[Round "3"]
[White "davigator"]
[Black "koncheto"]
[Result "0-1"]
[WhiteElo "2307"]
[BlackElo "2537"]
[TimeControl "180+1"]
[EndTime "14:27:21 PDT"]
[Termination "koncheto won by resignation"]

1. e4 c5 2. Nf3 d6 3. d4 cxd4 4.
Nxd4 Nf6 5. Nc3 Nc6 6. Bg5 e6 7. f3 Be7 8. h4 h6 9. Be3 h5 10. Qd2 a6 11. O-O-O Qc7 12. Bg5 b5 13. Nxc6 Qxc6 14.
Ne2 Bb7 15. Nd4 Qc5 16. Kb1 Rc8 17. Nb3 Qc7 18. Na5 Ba8 19. Bd3 d5 20. e5 Nd7 21.
Bxe7 Kxe7 22. Qb4+ Qc5 23. Qe1 d4 24. f4 Bd5 25.
Rh3 Nb6 26. Nb3 Bxb3 27. cxb3 Nd5 28. Rf3 g6 29. Qd2 Rhd8 30. Rf2 Rc7 31. g3 Ne3 32. Re1 Rdc8 33. a3 Rd7 34. Be4 Ng4 35. Rf3 Ne3 36. Rf2 Qc7 37. Rfe2 a5 38. Qd3 a4 39.
Rd2 axb3 40. Qxb3 Qc4 41. Qd3 Rb8 42. Rc1 Qa4 43. Bc6 Rdd8 44. Rc5 Nc4 45. Rc2 Qa7 46. Rxb5 Rxb5 47. Bxb5 Ne3 48. Rd2 Kf8 49. a4 Qc5 50.
Qe4 Qb4 51. Qd3 Qc5 52. Ka2 Qd5+ 53. b3 Qc5 54. Kb2 Qd5 55. Bc4 Qc5 56. Re2 Rb8 57. Rd2 Nxc4+ 58. Ka2 Nxd2 59. Qxd2 Qc3 60. Qb2 Qxb2+ 61. Kxb2 d3 62. Kc3 d2 63. Kxd2 Rxb3 64. Kc2 Ra3 65. Kb2 Rxa4 66. Kb3 Re4 67. Kc3 Re3+ 68. Kd2 Rxg3 69. Ke2 Rg4 70. Kf3 Rxh4 71.
Kg3 Rg4+ 72. Kf3 Ke7 73. Kf2 f6 74. Kf3 f5 75. Ke3 h4 76. Kf3 h3 77. Kf2 h2 0-1

[Event "Late-Titled-Tuesday-Blitz-October-03-2023"]
[Site "Chess.com"]
[Date "2023.10.03"]
[Round "3"]
[White "DucksParadise"]
[Black "TigrVShlyape"]
[Result "0-1"]
[WhiteElo "2657"]
[BlackElo "2955"]
[TimeControl "180+1"]
[EndTime "14:27:22 PDT"]
[Termination "TigrVShlyape won by resignation"]

1. d4 g6 2. e4 Bg7 3. Nc3 d6 4. Be3 a6 5. Qd2 b5 6. Nf3 Bb7 7. Bd3 e6 8. Ne2 Nd7 9. Ng3 c5 10.
c3 cxd4 11. cxd4 Ngf6 12. h3 O-O 13. O-O Qe7 14. Rac1 Rfc8 15. Rxc8+ Rxc8 16. Rc1 Qd8 17. Rxc8 Qxc8 18. Qa5 Nb8 19. Qb6 Bf8 20. Qa5 Nc6 21. Qd2 Qc7 22. Qc3 Qa5 23. Qxa5 Nxa5 24. Nd2 d5 25. e5 Nd7 26. b3 Nc6 27. Kf1 Nb4 28.
Bb1 a5 29. Ne2 Ba6 30. Nc3 Nb8 31. Ke1 Be7 32. Kd1 f5 33. Nf3 N4c6 34. Bd3 b4 35. Bxa6 Nxa6 36. Ne2 Nc7 37. Bg5 Bf8 38. Bc1 h6 39. h4 Kf7 40. g3 Nb5 41. Kc2 Kg7 42. Kd3 Be7 43. Bb2 Bd8 44. Bc1 Bb6 45. Nf4 Kf7 46. Ne2 Kg7 47. Be3 Nc7 48. Bd2 Nb5 49. Be3 Nd8 50. Nf4 Nc7 51. Ne2 Nf7 52.
Bd2 Nb5 53. Be3 Bd8 54. Bd2 g5 55. hxg5 hxg5 56. Ne1 Kg6 57. f3 Be7 58. Nc2 Nd8 59. g4 f4 60. Ng1 Nc6 61. Ne2 Bd8 62. Ng1 Bc7 63. Ne2 Bxe5 64. Ng1 Bf6 0-1

[Event "Late-Titled-Tuesday-Blitz-October-03-2023"]
[Site "Chess.com"]
[Date "2023.10.03"]
[Round "3"]
[White "santosalberto1987"]
[Black "alexrustemov"]
[Result "1/2-1/2"]
[WhiteElo "2513"]
[BlackElo "2821"]
[TimeControl "180+1"]
[EndTime "14:27:23 PDT"]
[Termination "Game drawn by repetition"]

1. e4 e6 2. d4 d5 3. Nc3 Bb4 4. e5 c5 5. a3 Bxc3+ 6. bxc3 Ne7 7. Nf3 h6 8. a4 b6 9. a5 Ba6 10. axb6 axb6 11. Bb5+ Kf8 12. Be3 Qc7 13. Bxa6 Rxa6 14. Rxa6 Nxa6 15. O-O Nb8 16. Qb1 Nd7 17. Qb5 g6 18.
Ra1 Kg7 19. g4 Rc8 20. Kg2 Nc6 21. Ne1 cxd4 22. cxd4 Na5 23. Nf3 Qc6 24. Qxc6 Rxc6 25.
Ra2 Rc7 26. Nd2 Nc6 27. Rb2 Na5 28. Kf1 Nc4 29. Nxc4 Rxc4 30. Ke2 Ra4 31. Rb3 Rc4 32. Kd3 Rc7 33. Rc3 Ra7 34. Rc8 b5 35. Bd2 Ra3+ 36. Rc3 Ra7 37. Rc8 Nb6 38. Rb8 Nc4 39. Rxb5 Ra3+ 40. Rb3 Ra1 41. Bb4 Rg1 42. h3 Rh1 43.
Be7 Rxh3+ 44. Ke2 Rxb3 45. cxb3 Na5 46. b4 Nc6 47. Bc5 h5 48. gxh5 gxh5 49. b5 Na5 50.
Kf3 Kg6 51. Kf4 Kh6 52. b6 Nb7 53. Be7 Kg6 54. Bf6 Na5 55. Kg3 Kf5 56. Kf3 Nb7 57. Be7 Na5 58. Bf6 Nc6 59. Ke3 Na5 60. Kf3 1/2-1/2

[Event "Late-Titled-Tuesday-Blitz-October-03-2023"]
[Site "Chess.com"]
[Date "2023.10.03"]
[Round "3"]
[White "2346PL"]
[Black "artin10862"]
[Result "0-1"]
[WhiteElo "2496"]
[BlackElo "2803"]
[TimeControl "180+1"]
[EndTime "14:27:26 PDT"]
[Termination "artin10862 won by resignation"]

1. Nf3 c5 2. g3 Nf6 3. Bg2 d5 4. O-O e6 5. d4 cxd4 6. Nxd4 e5 7.
Nf3 Nc6 8. c4 d4 9. e3 Be7 10.
exd4 exd4 11. b3 O-O 12. Bb2 Bc5 13. Nbd2 Re8 14. Ng5 Bf5 15. Re1 Qd7 16. Nge4 Nxe4 17.
Nxe4 Bb4 18. Re2 Rad8 19. a3 d3 20. Re3 Bf8 21. b4 Ne5 22. Qb3 Ng4 23. Ree1 d2 24.
Nxd2 Qxd2 25. Rf1 Rd3 26. Qa4 Re2 27. Bc1 Qc3 28. Bf4 Rxf2 29. Rxf2 Qxa1+ 30. Rf1 Qd4+ 31. Kh1 Be4 32. Qe8 Bxg2+ 33. Kxg2 Qxc4 34. Kh3 Nf6 35. Rf2 Qe6+ 36. Qxe6 fxe6 37. Kg2 Rd7 38. Re2 Kf7 39. h3 Be7 40. g4 Nd5 41. Be5 Bf6 42. Bg3 Nc3 43. Rc2 Nd5 44. Kf3 Nb6 45. Ke2 Be7 46. h4 Bd6 47. Bf2 Nd5 48. g5 Rc7 49. Rd2 a6 50. Kf3 b5 51. Rd3 Rc4 52. Kg2 Nf4+ 0-1

[Event "Late-Titled-Tuesday-Blitz-October-03-2023"]
[Site "Chess.com"]
[Date "2023.10.03"]
[Round "3"]
[White "ValeriyGrinev"]
[Black "Caisachess"]
[Result "1/2-1/2"]
[WhiteElo "2595"]
[BlackElo "2419"]
[TimeControl "180+1"]
[EndTime "14:27:26 PDT"]
[Termination "Game drawn by repetition"]

1. d4 d5 2. c4 c6 3. cxd5 cxd5 4. Bf4 Nc6 5. e3 Qb6 6. Nc3 e6 7. a3 a6 8. Na4 Qd8 9. Rc1 Nf6 10. Bd3 Bd6 11.
Bxd6 Qxd6 12. Nf3 O-O 13. O-O e5 14. dxe5 Nxe5 15. Nxe5 Qxe5 16. Be2 Bd7 17. Nb6 Rad8 18. Nxd7 Rxd7 19. Qd4 Qxd4 20. exd4 Ne4 21. f3 Nd6 22. Rc5 Nf5 23. Rd1 Re8 24. Kf2 Kf8 25. Rd2 h5 26. Bd1 Ne7 27. Ba4 b5 28. Bb3 Red8 29. Ba2 g6 30. b4 Kg7 31. Bb3 Rd6 32. a4 bxa4 33.
Bxa4 Rb8 34. b5 axb5 35. Bxb5 Rdb6 36. Bf1 Rb2 37. Rxb2 Rxb2+ 38. Kg1 Nf5 39. Bd3 Nxd4 40. Rxd5 Ne6 41. g3 Rd2 42. h4 Nc5 43. Rxc5 Rxd3 44.
Kf2 Rd2+ 45. Ke3 Ra2 46. Rc6 Ra3+ 47. Kf2 Ra2+ 48. Kg1 Ra1+ 49. Kg2 Ra2+ 50. Kh3 Ra3 51. f4 Rb3 52. Rc5 Ra3 53. f5 Rb3 54. fxg6 fxg6 55. Rc6 Ra3 56. Kg2 Ra2+ 57. Kf3 Ra3+ 58. Kf4 Ra4+ 59.
Ke5 Ra5+ 60. Kd4 Ra4+ 61. Ke5 Ra5+ 62. Kf4 Ra4+ 63. Kf3 Ra3+ 64. Kg2 Ra2+ 65. Kh3 Ra3 66. Rb6 Rc3 67. Rb5 Ra3 68. Rg5 Kf6 69. Kg2 Ra2+ 70.
Kf3 Ra3+ 71. Ke4 Ra4+ 72. Kd3 Ra3+ 73. Kc4 Rf3 74. Kd4 Rf5 75. Rxf5+ Kxf5 76. Ke3 Kg4 77. Kf2 Kh3 78. Kf3 Kh2 79. Kf2 Kh3 80. Kf3 Kh2 81.
Kf2 Kh3 1/2-1/2

[Event "Late-Titled-Tuesday-Blitz-October-03-2023"]
[Site "Chess.com"]
[Date "2023.10.03"]
[Round "3"]
[White "Rodalquilar"]
[Black "YellowJacek"]
[Result "1-0"]
[WhiteElo "2723"]
[BlackElo "2291"]
[TimeControl "180+1"]
[EndTime "14:27:26 PDT"]
[Termination "Rodalquilar won by resignation"]

1. d4 d5 2. Nf3 Nf6 3. Bf4 c5 4. e3 Nc6 5. Nbd2 cxd4 6. exd4 Bf5 7.
Bb5 a6 8. Bxc6+ bxc6 9. c4 Ne4 10.
Nxe4 Bxe4 11. O-O e6 12. c5 Bxf3 13. Qxf3 Be7 14. Be5 O-O 15. b4 Bf6 16. Bxf6 Qxf6 17. Qxf6 gxf6 18. Rfb1 Rfb8 19. Rb3 Kf8 20. a4 Ke7 21. f4 Rb7 22. Rab1 Rab8 23. Kf2 e5 24. fxe5 fxe5 25. dxe5 Ke6 26. Ke3 Kxe5 27. Kd3 Rg8 28.
g3 Rg4 29. Kc2 Rc4+ 30. Kd3 f5 31. a5 Re4 32. R1b2 h5 33. Kc2 Rh7 34. Kb1 h4 35.
Ka2 hxg3 36. hxg3 Rg7 37. Rc2 Rgg4 38. Ka3 Rc4 39. Re2+ Rge4 40. Rh2 d4 41. Rh6 Re3 42. Rxc6 Rxb3+ 43. Kxb3 Rc3+ 44. Ka4 Rxg3 45. Rxa6 d3 46. Rd6 f4 47. a6 Ke4 48. a7 Rg8 49. b5 f3 50. b6 f2 51. b7 f1=Q 52. Kb5 Qb1+ 53.
Kc6 Ke3 54. a8=Q Rxa8 55. bxa8=Q Qh1+ 56. Rd5 d2 57. Qa3+ Ke2 58. Qa2 Qh6+ 59. Rd6 Qh1+ 60.
Qd5 Qc1 61. Qxd2+ Qxd2 62. Rxd2+ Kxd2 63. Kd6 1-0

[Event "Late-Titled-Tuesday-Blitz-October-03-2023"]
[Site "Chess.com"]
[Date "2023.10.03"]
[Round "3"]
[White "Danishcrown"]
[Black "stasOR4ik"]
[Result "0-1"]
[WhiteElo "2138"]
[BlackElo "2430"]
[TimeControl "180+1"]
[EndTime "14:27:27 PDT"]
[Termination "stasOR4ik won by checkmate"]

1. d4 d5 2. Bf4 Nf6 3. e3 c5 4. c3 Nc6 5. Nd2 e6 6. Ngf3 Nh5 7. Bg3 Nxg3 8. hxg3 Be7 9. Bd3 h6 10.
O-O a6 11. Qe2 b5 12. dxc5 Bxc5 13. e4 d4 14. Rfd1 O-O 15. Nb3 Bb6 16. cxd4 Nxd4 17.
Nbxd4 Bxd4 18. Bxb5 e5 19. Bc6 Rb8 20. Nxd4 exd4 21.
Bd5 Qb6 22. b3 Be6 23. Qc4 Bxd5 24. exd5 Rfd8 25. Qxd4 Rd6 26. Qxb6 Rbxb6 27. Rd4 Rb5 28. Rad1 Ra5 29. R1d2 Kf8 30. Kf1 Ke7 31. Ke2 Kd7 32. Kd3 Rc5 33. Ke2 Rb6 34. Rc4 Ra5 35. Kd1 Rbb5 36.
d6 Rd5 37. Rcd4 Rxd4 38. Rxd4 Rxa2 39. Ke1 Rb2 40. Rd3 a5 41. Kf1 f6 42. Kg1 Rb1+ 43.
Kh2 Rb2 44. f3 Rc2 45. Kh3 Rc6 46. Kg4 Rxd6 47. Rxd6+ Kxd6 48. Kf5 Kc5 49. Kg6 Kb4 50. Kxg7 Kxb3 51. Kxf6 a4 52. Kg6 a3 53. Kxh6 a2 54. f4 a1=Q 55. Kg6 Qh8 56. f5 Kc4 57. g4 Kd5 58. g5 Qg8+ 59. Kh6 Ke5 60. f6 Kf5 61.
g4+ Kxg4 62. g6 Qh8# 0-1

[Event "Late-Titled-Tuesday-Blitz-October-03-2023"]
[Site "Chess.com"]
[Date "2023.10.03"]
[Round "3"]
[White "ETTrainer"]
[Black "Mikhal867"]
[Result "0-1"]
[WhiteElo "2264"]
[BlackElo "2476"]
[TimeControl "180+1"]
[EndTime "14:27:28 PDT"]
[Termination "Mikhal867 won by checkmate"]

1. d4 Nf6 2. Nc3 g6 3. e4 d6 4. Be3 Ng4 5. Bf4 Bg7 6. f3 e5 7. fxg4 exf4 8. Nf3 Bxg4 9. Bc4 Nc6 10. d5 Ne5 11.
Bb5+ c6 12. dxc6 bxc6 13. Be2 Bxf3 14. Bxf3 Qh4+ 15. Kf1 Nc4 16. Qd3 Ne3+ 17. Ke2 O-O 18. g3 Qf6 19. gxf4 Rab8 20. Qxe3 Rxb2 21. Kd2 Bh6 22. Ne2 Qe6 23. Rhd1 Rxa2 24. Rxa2 Qxa2 25. Ke1 d5 26. exd5 cxd5 27. Bxd5 Qxc2 28. Qd2 Qc5 29.
Bf3 a5 30. Rc1 Qa3 31. Qc3 Qe7 32. Qe5 Qh4+ 33. Ng3 Bxf4 34. Rc4 Qxg3+ 35. hxg3 Bxe5 36. Rc5 Bxg3+ 37. Kd1 Bd6 38. Kc2 Bxc5 39. Bc6 Rc8 40. Ba4 Bb4+ 41. Kb3 Kg7 42. Kb2 g5 43. Bb3 g4 44.
Bc2 g3 45. Kb1 g2 46. Kb2 g1=B 47. Ka2 Rc5 48. Kb3 h5 49. Ka4 h4 50. Bb3 f5 51. Bc4 f4 52. Bb5 f3 53. Bc4 f2 54.
Bb5 h3 55. Bc4 h2 56. Bb5 h1=B 57. Bf1 Bc6+ 58. Bb5 Bg2 59. Kb3 Rxb5 60. Kc2 f1=B 61. Kd1 Bd3 62. Kc1 Bc3 63. Kd1 Bf3+ 64. Kc1 Be3# 0-1

[Event "Late-Titled-Tuesday-Blitz-October-03-2023"]
[Site "Chess.com"]
[Date "2023.10.03"]
[Round "3"]
[White "Pomberito2"]
[Black "KNVB"]
[Result "0-1"]
[WhiteElo "2470"]
[BlackElo "2695"]
[TimeControl "180+1"]
[EndTime "14:27:29 PDT"]
[Termination "KNVB won by resignation"]

1. d4 Nf6 2. Nf3 e6 3. Bg5 h6 4. Bh4 d6 5. Nc3 g5 6. Bg3 Nh5 7. e4 Nd7 8. Bd3 Bg7 9. Qe2 g4 10. Nd2 Nxg3 11. hxg3 Bxd4 12. Qxg4 Qf6 13. Nf3 Ne5 14.
Nxe5 Qxf2+ 15. Kd1 Bxe5 16. Ne2 Bd7 17. Qf3 Qb6 18.
Rb1 O-O-O 19. Kd2 Qa5+ 20. c3 Qxa2 21. Kc2 Qa4+ 22. b3 Qc6 23. Qe3 Qb6 24. Qxb6 axb6 25.
Rbf1 Rh7 26. Nf4 Rg8 27. Rh3 Kd8 28. Rf2 Ke7 29. Nh5 Bc6 30. b4 Rg5 31. Nf4 Rhg7 32. Ne2 Bxg3 33. Nxg3 Rxg3 34. Rxh6 Rxg2 35. Rf6 Rxf2+ 36.
Rxf2 Rg4 37. Re2 e5 38. Kd2 Rf4 39. Rh2 Bxe4 40. Bc4 Rg4 41. Rh8 d5 42. Be2 Rg2 43. Ke3 Rg3+ 44. Kd2 d4 45. cxd4 exd4 46. Rc8 Kd7 47.
Rf8 f5 48. Rf7+ Kd6 49. Rf6+ Ke5 50. Rf7 c5 51. Re7+ Kd6 52. Rf7 Rg2 53. Ke1 d3 54. Bf1 d2+ 55. Kd1 Bf3+ 56. Kc2 d1=Q+ 0-1

[Event "Late-Titled-Tuesday-Blitz-October-03-2023"]
[Site "Chess.com"]
[Date "2023.10.03"]
[Round "3"]
[White "Dr_crypt"]
[Black "Mesa_1"]
[Result "0-1"]
[WhiteElo "2438"]
[BlackElo "2621"]
[TimeControl "180+1"]
[EndTime "14:27:31 PDT"]
[Termination "Mesa_1 won on time"]

1. d4 d5 2. c4 e6 3. Nc3 Nf6 4. cxd5 exd5 5. Bg5 Be7 6. e3 h6 7. Bh4 O-O 8. Bd3 Re8 9. Nge2 c6 10. O-O Nbd7 11.
f3 Nh5 12. Bf2 Bh4 13. g3 Bg5 14. e4 dxe4 15. fxe4 c5 16. dxc5 Ne5 17. Bb5 Bh3 18. Qxd8 Rexd8 19. Rfd1 Nf6 20. Nf4 Nf3+ 21. Kh1 Bxf4 22.
gxf4 Ng4 23. Bg1 Nh4 24. Bf1 Bxf1 25. Rxf1 Rd2 26. h3 Nf6 27. Rf2 Rd3 28. e5 Rxh3+ 29.
Rh2 Rxh2+ 30. Kxh2 Nh5 31. Nd5 Rd8 32. Rd1 Kf8 33.
c6 Nf3+ 34. Kh1 Nxg1 35. c7 Rc8 36. Kxg1 Ke8 37. f5 Ng3 38. f6 Nf5 39. fxg7 Nxg7 40.
Nf6+ Ke7 41. Nd5+ Ke6 42. Kf2 Ne8 43. Ke3 Kxe5 44. Nc3 Nxc7 45. Rd7 Ke6 46. Rd4 a6 47.
Rh4 Rh8 48. Kd4 Nb5+ 49. Nxb5 axb5 50. Kc5 h5 51. Kxb5 Kf6 52. a4 Kg5 53. Rh1 f5 54. b4 h4 55. Kb6 Rh7 56. a5 f4 57. b5 f3 58. a6 bxa6 59. bxa6 Kg4 60. a7 Rh8 0-1

[Event "Late-Titled-Tuesday-Blitz-October-03-2023"]
[Site "Chess.com"]
[Date "2023.10.03"]
[Round "3"]
[White "MathiasWomacka"]
[Black "jguerramzllo"]
[Result "0-1"]
[WhiteElo "2522"]
[BlackElo "2724"]
[TimeControl "180+1"]
[EndTime "14:27:32 PDT"]
[Termination "jguerramzllo won on time"]

1. e4 e5 2. Nf3 Nc6 3. Bb5 Nf6 4.
O-O Nxe4 5. Re1 Nd6 6. Nxe5 Nxe5 7. Rxe5+ Be7 8. Bf1 O-O 9. d4 Bf6 10. Re1 Nf5 11. d5 d6 12. Nd2 Bg5 13. c3 Bd7 14. Qb3 b6 15. Nf3 Bxc1 16. Raxc1 Nh4 17. Nxh4 Qxh4 18.
Bb5 Qd8 19. Qa4 Bxb5 20. Qxb5 Re8 21. Qc6 Rc8 22. g3 Kf8 23. h4 Re5 24. Rxe5 dxe5 25. Re1 Qd6 26. Qb7 Re8 27. Qxa7 e4 28. Qb7 e3 29.
Qc6 Qxc6 30. dxc6 exf2+ 31. Kxf2 Rd8 32. Ke3 Rd6 33. a4 Rxc6 34. Kd4 f5 35. b4 Kf7 36. a5 bxa5 37. bxa5 Rg6 38. Ra1 Ra6 39. Ke5 Kg6 40. Ra4 h6 41. c4 Kh5 42. Kxf5 g6+ 43.
Kf4 Rf6+ 44. Ke3 Ra6 45. c5 g5 46. hxg5 Kxg5 47. Kd3 Kf5 48. Kc3 Ke5 49. Kc4 Ra7 50.
Kb5 Kd5 51. Rh4 Rb7+ 52. Ka4 Kxc5 53. Rxh6 Rb1 54. a6 Rg1 55. Rg6 Ra1+ 0-1

[Event "Late-Titled-Tuesday-Blitz-October-03-2023"]
[Site "Chess.com"]
[Date "2023.10.03"]
[Round "3"]
[White "GoltsevDmitry2000"]
[Black "Beca95"]
[Result "1/2-1/2"]
[WhiteElo "2688"]
[BlackElo "2994"]
[TimeControl "180+1"]
[EndTime "14:27:35 PDT"]
[Termination "Game drawn by agreement"]

1. e4 c5 2. Nf3 d6 3. d4 cxd4 4.
Nxd4 Nf6 5. Nc3 a6 6. f3 e5 7. Nb3 Be6 8. Nd5 Bxd5 9. exd5 Nbd7 10. Be3 h5 11. Qd2 Be7 12. O-O-O Qc7 13. Kb1 Nb6 14. Qa5 Rc8 15. c3 Nc4 16. Qxc7 Rxc7 17. Bxc4 Rxc4 18. Na5 Rc7 19. Bb6 Rc8 20. Be3 Rc7 21. Bb6 Rd7 22.
c4 Bd8 23. Bxd8 Kxd8 24. Rd2 h4 25. b4 Ke7 26. Rhd1 Rc8 27. Kb2 g5 28. h3 Nh5 29.
Kb3 Ng3 30. Kc3 f5 31. Nb3 b6 32. c5 bxc5 33. bxc5 dxc5 34. d6+ Ke6 35. Kc4 e4 36. Nxc5+ Ke5 37. Rd5+ Kf4 38. Kb3 Rxd6 39. Rxd6 Rxc5 40.
fxe4 fxe4 41. Rxa6 e3 42. Rf6+ Ke5 43. Rf8 e2 44.
Re1 Kd4 45. Rf3 Rb5+ 46. Kc2 Ra5 47. a3 Ra6 48. Kd2 Ra7 49. Rxe2 Nxe2 50. Kxe2 Rb7 51. Kf2 Ke4 52. Kg1 Rb1+ 53. Kh2 Ra1 54. Rc3 Kf5 55.
Rc5+ Kg6 56. Ra5 Kf6 57. Ra8 Kg6 58. a4 Kf6 59. a5 Kg6 60. a6 Kg7 61. g4 hxg3+ 62.
Kxg3 Ra3+ 63. Kg4 Kh7 64. a7 Ra5 65. Kf3 Kg7 66. Ke4 Ra3 67. Kf5 Ra5+ 68. Ke6 Ra1 69. Kd6 Kh7 70. Ke6 Kg7 71. Kf5 Ra5+ 72. Kg4 1/2-1/2